 Dungeon Crawl Stone Soup version 0.27-a0-1188-g73eefd5def (webtiles) character file.

Game seed: 11347201831698068862

2335 leviel the Cleaver (level 9, -7/79 HPs)
             Began as a Hill Orc Fighter on May 22, 2021.
             Was a Follower of the Shining One.
             Mangled by an orc warrior
             ... wielding a +0 broad axe
              (17 damage)
             ... in a bailey.
             The game lasted 00:13:04 (6549 turns).

leviel the Cleaver (Hill Orc Fighter)               Turns: 6549, Time: 00:13:05

Health: -7/79      AC: 16    Str: 24    XL:     9   Next: 42%
Magic:  8/8        EV:  4    Int:  8    God:    the Shining One [*.....]
Gold:   546        SH: 10    Dex: 10    Spells: 8/8 levels left

rFire    . . .     SeeInvis .   a - +1 war axe (freeze)
rCold    . . .     Faith    .   c - +0 kite shield
rNeg     + . .     Spirit   .   B - +0 plate armour
rPois    .         Reflect  .   j - +0 helmet
rElec    .         Harm     .   (no cloak)
rCorr    .         Rampage  .   t - +0 pair of gloves
Will     .....                  (no boots)
Stlth    ..........             i - amulet of regeneration
HPRegen  1.23/turn              A - ring of positive energy
MPRegen  0.11/turn              (no ring)

@: glowing
A: iridescent scales 1, low mp 1, robust 1, strong 1
a: Renounce Religion


You were in a bailey.
You worshipped the Shining One.
The Shining One was aware of your devotion.
You visited 2 branches of the dungeon, and saw 10 of its levels.
You also visited: Bailey.

You collected 546 gold pieces.

Inventory:

Hand Weapons
 a - a +1 war axe of freezing (weapon)
Missiles
 n - 6 javelins (quivered)
Armour
 c - a +0 kite shield (worn)
 j - a +0 helmet (worn)
 t - a +0 pair of gloves (worn)
 B - a +0 plate armour (worn)
Jewellery
 i - an amulet of regeneration (around neck)
 A - a ring of positive energy (left hand)
Wands
 s - a wand of flame (22)
 u - a wand of acid (7)
 w - a wand of digging (6)
Scrolls
 h - 3 scrolls of fear
 l - 2 scrolls of teleportation
 m - a scroll of identify {@r1}
 p - a scroll of blinking
Potions
 b - a potion of cancellation
 d - 4 potions of flight
 e - 2 potions of brilliance
 g - 2 potions of curing
 o - 2 potions of ambrosia
 z - 2 potions of heal wounds


   Skills:
 - Level 4.3 Fighting
 + Level 14.5 Axes
 - Level 4.1 Armour
 - Level 0.6 Dodging
 - Level 4.2 Shields


You had 8 spell levels left.
You didn't know any spells.
Your spell library was empty.

Dungeon Overview and Level Annotations

Branches:
Dungeon (9/15)             Temple (1/1) D:4             Orc (0/2) D:9
 Bailey (1/1)
   Lair: D:8-11

Altars:
Ashenzari
Cheibriados
Dithmenos
Elyvilon
Gozag
Hepliaklqana
Kikubaaqudgha
Makhleb
Nemelex Xobeh
Okawaru
Qazlal
Ru
Sif Muna
Trog
Uskayaw
Vehumet
Wu Jian
Xom
Zin
The Shining One

Shops:
D:3 (

Annotations:
D:6 1 runed translucent door, Crazy Yiuf


Innate Abilities, Weirdness & Mutations

You are partially covered in iridescent scales. (AC +2)
Your magical capacity is low. (-10% MP)
You are robust. (+10% HP)
Your muscles are strong. (Str +2)


Message History

You hit the orc. You freeze the orc.
You kill the orc!
You closely miss the orc warrior. You slash the orc knight!
You freeze the orc knight. You block the orc warrior's attack.
You block the orc knight's attack.
You slash the orc knight! You freeze the orc knight.
The orc knight is heavily wounded.
You hit the orc warrior. You freeze the orc warrior.
A hobgoblin comes into view. It is wielding a +0 hand axe.
The orc warrior barely misses you.
An orc comes into view. It is wielding a +0 hand axe.
The hobgoblin shouts!
You hit the orc knight but do no damage.
The orc knight is heavily wounded.
You hit the orc knight. You freeze the orc knight.
You hit the orc warrior but do no damage.
You hear a shout!
You block the orc warrior's attack. You block the orc knight's attack.
The orc knight hits you but does no damage.
You hit the orc knight. You freeze the orc knight.
The orc knight is heavily wounded.
You hit the orc warrior but do no damage.
You hit the orc knight but do no damage.
The orc warrior hits you with a +0 broad axe!
The orc knight hits you with a +0 war axe! x2
You barely miss the orc knight.
The orc knight is heavily wounded.
Your shield prevents you from hitting the orc knight.
You hit the orc warrior but do no damage.
The orc warrior hits you with a +0 broad axe!
The orc knight roars a battlecry!
The orcs go into a battle-frenzy!
The orc knight hits you with a +0 war axe!!
* * * LOW HITPOINT WARNING * * *
You hit the orc knight but do no damage.
The orc knight is heavily wounded.
You hit the orc knight. You freeze the orc knight. You hit the orc warrior.
You freeze the orc warrior.
The orc warrior hits you with a +0 broad axe!
You die...

.. #######
...
##.....##....
#.§§§o..g.o..
##.§§§@o.##
#..§§§§o..#
##..§§§§§..##
#...§§§§.§..#
##......§§.##
#.........#
##.......##
#..)....#
##)))..##


You could see 2 orc knights, an orc warrior (strong), an orc (strong) and a
hobgoblin.

Vanquished Creatures
  A wyvern (D:7)
  A water moccasin (D:7)
  2 orc warriors (Bailey)
  An ogre (D:4)
  A necrophage (D:5)
  7 centaurs
  2 phantoms
  A bullfrog (D:6)
  2 scorpions
  A gnoll sergeant (D:7)
  A water moccasin skeleton (D:5)
  2 howler monkeys
  A jelly (D:5)
  2 hounds (D:7)
  A centaur skeleton (D:7)
  A gnoll shaman (D:9)
  2 iguanas
  3 orc wizards
  A killer bee zombie (D:8)
  A howler monkey zombie (D:7)
  8 adders
  13 gnolls
  A shadow imp (D:7)
  An ufetubus (D:4)
  An adder skeleton (D:4)
  4 worms
  3 dart slugs
  27 orcs
  4 ball pythons
  7 endoplasms
  4 giant cockroaches
  18 goblins
  7 hobgoblins
  11 jackals
  2 quokkas
  2 bats (D:1)
  5 frilled lizards
  5 kobolds
  3 rats
160 creatures vanquished.

Notes
Turn   | Place    | Note
-------+----------+-------------------------------------------
     0 | D:1      | leviel the Hill Orc Fighter began the quest for the Orb.
     0 | D:1      | Reached XP level 1. HP: 19/19 MP: 1/1
   202 | D:1      | Reached XP level 2. HP: 27/27 MP: 2/2
   252 | D:1      | Reached skill level 3 in Axes
   348 | D:1      | Reached XP level 3. HP: 33/33 MP: 3/3
   691 | D:1      | Found a faded altar of an unknown god.
  1567 | D:2      | Reached skill level 4 in Axes
  1736 | D:2      | Found a stormy altar of Qazlal.
  1809 | D:3      | Reached XP level 4. HP: 40/40 MP: 4/4
  2026 | D:3      | Found Cymeeh's Weapon Emporium.
  2062 | D:3      | Found a snail-covered altar of Cheibriados.
  2074 | D:3      | Reached skill level 5 in Axes
  2074 | D:3      | Reached XP level 5. HP: 45/46 MP: 5/5
  2310 | D:3      | Found a hide-covered altar of Uskayaw.
  2347 | D:3      | Found an ornate altar of the Wu Jian Council.
  2490 | D:3      | Found a burning altar of Makhleb.
  2490 | D:3      | Found a glowing silver altar of Zin.
  2491 | D:3      | Noticed an angel
  2491 | D:3      | Noticed a balrug
  2838 | D:4      | Reached skill level 6 in Axes
  2838 | D:4      | Reached XP level 6. HP: 16/53 MP: 6/6
  2926 | D:4      | Found a staircase to the Ecumenical Temple.
  2936 | Temple   | Entered the Ecumenical Temple
  3207 | Temple   | Became a worshipper of the Shining One
  3235 | D:4      | Reached skill level 7 in Axes
  3579 | D:4      | Reached XP level 7. HP: 36/60 MP: 7/7
  3581 | D:4      | Reached skill level 8 in Axes
  3933 | D:5      | Entered Level 5 of the Dungeon
  4074 | D:5      | Reached skill level 9 in Axes
  4226 | D:6      | Found a runed translucent door.
  4227 | D:6      | Noticed Crazy Yiuf
  4400 | D:6      | Reached skill level 10 in Axes
  4400 | D:6      | Reached XP level 8. HP: 60/67 MP: 8/8
  4924 | D:7      | Reached skill level 11 in Axes
  4926 | D:7      | Gained mutation: Your magical capacity is low. (-10% MP)
                  | [potion of mutation]
  4926 | D:7      | Gained mutation: Your muscles are strong. (Str +2) [potion
                  | of mutation]
  4926 | D:7      | Gained mutation: You are robust. (+10% HP) [potion of
                  | mutation]
  4926 | D:7      | Gained mutation: You are partially covered in iridescent
                  | scales. (AC +2) [potion of mutation]
  5146 | D:7      | Reached * piety under the Shining One
  5182 | D:7      | Noticed a wyvern
  5189 | D:7      | Killed a wyvern
  5301 | D:7      | Found a sacrificial altar of Ru.
  5344 | D:7      | Reached skill level 12 in Axes
  5346 | D:7      | Found a shimmering blue altar of Sif Muna.
  5452 | D:7      | You fall into a shaft and drop 1 floor!
  6070 | D:8      | Found a stormy altar of Qazlal.
  6298 | D:8      | Reached skill level 13 in Axes
  6299 | D:8      | Reached XP level 9. HP: 41/79 MP: 8/8
  6395 | D:9      | Reached skill level 14 in Axes
  6427 | D:9      | Found a flagged portal.
  6436 | Bailey   | Entered a bailey
  6531 | Bailey   | Noticed an orc knight
  6542 | Bailey   | Noticed an orc knight
  6549 | Bailey   | Mangled by an orc warrior

Illustrated notes

Levels and vault maps discovered:
D:1:      dpeg_arrival_stone_temple_mockup, layout_basic, basic_ecumenical_altar
D:2:      layout_basic, basic_altar
D:3:      layout_basic, grunt_temple_overflow_order_and_chaos_2,
          old_standard_altar, general_overflow_altar, lemuel_round_altar,
          serial_shops, nicolae_shop_crystal
D:4:      layout_rooms, temple_fountains, st_stairs_3
D:5:      kennysheep_six_static_rooms, layout_gridville, kennysheep_little_box
D:6:      layout_basic, hangedman_decor_lopped, uniq_crazy_yiuf_cottage
D:7:      layout_loops_ring, amcnicky_altar_gilded,
          nicolae_overflow_crystal_walls, minmay_holes
D:8:      layout_loops_cross, old_standard_altar, minmay_shop_grid_forest,
          centaur_isle
D:9:      layout_stronghold, hiddenorc2_lemuel, serial_shops,
          nicolae_shop_trees, enter_bailey_2
Temple:   minmay_temple_bridge_abc
Bailey:   bailey_axe_minmay_hex_keep, bailey

Skill      XL: |  1  2  3  4  5  6  7  8  9 |
---------------+----------------------------+-----
Axes           | 3 4 5 6 7 10 13 14 | 14.5
Fighting       | 4 |  4.3
Armour         | 4 |  4.1
Shields        | 4 |  4.2
Dodging        | |  0.6

Action                   |  1- 3 |  4- 6 |  7- 9 || total
-------------------------+-------+-------+-------++-------
Melee: War axe           |   101 |   155 |   264 ||   520
Throw: Javelin           |       |       |     2 ||     2
  Use: Scroll            |     4 |     1 |    13 ||    18
       Potion            |     2 |     3 |     3 ||     8
Armor: Scale mail        |    47 |    71 |    68 ||   186
       Plate armour      |       |       |    71 ||    71
       Skin              |       |       |     2 ||     2
Dodge: Dodged            |    24 |    46 |    66 ||   136
Block: Kite shield       |    73 |    80 |   148 ||   301

Table legend: (Time is in decaauts)
 A = Elapsed time spent in this place.
 B = Non-inter-level travel time spent in this place.
 C = Inter-level travel time spent in this place.
 D = Time resting spent in this place.
 E = Time spent auto-exploring this place.
 F = Levels seen in this place.
 G = Mean time per level.
                   A        B        C        D        E       F      G
               +--------+--------+--------+--------+--------+-----+--------+
         Total |   6718 |   6378 |    340 |    520 |   4657 |  11 |  610.7 |
       Dungeon |   6368 |   6089 |    279 |    520 |   4446 |   9 |  707.6 |
        Temple |    237 |    176 |     61 |      0 |    171 |   1 |  237.0 |
        Bailey |    112 |    112 |      0 |      0 |     40 |   1 |  112.0 |
               +--------+--------+--------+--------+--------+-----+--------+

Top non-repeatable levels by time:
     D:1: 1081 daAuts
     D:3: 1075 daAuts
     D:7: 986 daAuts
     D:4: 903 daAuts
     D:2: 764 daAuts
     D:6: 710 daAuts
     D:8: 527 daAuts
     D:5: 275 daAuts
  Temple: 237 daAuts
  Bailey: 112 daAuts
     D:9: 44 daAuts
